 Dungeon Crawl Stone Soup version 0.26-a0-1020-ge47f559bc5 (webtiles) character file.

Game seed: 6757206241677216868

242 Forecaster the Magician (level 6, -1/45 HPs)
             Began as a Naga Hedge Wizard on Dec 8, 2020.
             Was a Follower of Yredelemnul.
             Killed from afar by an orc wizard (3 damage)
             ... with a magic dart
             ... on level 3 of the Dungeon.
             The game lasted 00:12:53 (3100 turns).

Forecaster the Magician (Naga Hedge Wizard)         Turns: 3100, Time: 00:12:55

Health: -1/45      AC:  4    Str: 12    XL:     6   Next: 9%
Magic:  12/12      EV: 10    Int: 15    God:    Yredelemnul [*.....]
Gold:   175        SH:  0    Dex: 12    Spells: 9/14 levels left

rFire    . . .     SeeInvis +   m - +2 dagger (venom)
rCold    . . .     Faith    .   (no shield)
rNeg     . . .     Spirit   .   d - +0 robe
rPois    +         Reflect  .   c - +1 hat
rElec    .         Harm     .   (no cloak)
rCorr    .         Rampage  .   (no gloves)
Will     .....                  (no barding)
Stlth    ++........             i - amulet of regeneration
HPRegen  0.55/turn              (no ring)
MPRegen  0.13/turn              (no ring)

@: very slow
A: large, see invisible, blink, deformed body, frail 1, poison resistance,
slowness 2, spit poison 1, evolution 1, AC +2
a: Spit Poison, Blink, Animate Remains, Renounce Religion


You were on level 3 of the Dungeon.
You worshipped Yredelemnul.
Yredelemnul was aware of your devotion.
You visited 1 branch of the dungeon, and saw 4 of its levels.

You collected 175 gold pieces.

Inventory:

Hand Weapons
 a - a +0 dagger
 m - a +2 dagger of venom (weapon)
 s - a +0 rapier
Missiles
 j - 8 javelins
 r - 17 poisoned darts
Armour
 b - a +0 robe
 c - a +1 hat (worn)
 d - a +0 robe (worn)
 q - a +0 robe
Jewellery
 i - an amulet of regeneration (around neck)
Scrolls
 e - a scroll of immolation
 n - a scroll of enchant weapon {unknown}
 o - a scroll of identify {unknown}
 t - a scroll of teleportation {unknown}
 u - a scroll of magic mapping {unknown}
Potions
 g - a potion of attraction {unknown}
 h - a potion of flight {unknown}
 k - a potion of magic {unknown}
 l - a potion of invisibility {unknown}
 p - a potion of brilliance {unknown}


   Skills:
 + Level 1.3 Fighting
 + Level 1.2 Short Blades
 + Level 2.1 Dodging
 + Level 4.0 Stealth
 + Level 4.5 Spellcasting
 + Level 1.8 Conjurations
 + Level 2.2 Summonings
 + Level 1.0 Translocations


You had 9 spell levels left.
You knew the following spells:

 Your Spells              Type           Power        Failure   Level
a - Magic Dart            Conj           #...         8%          1
b - Call Imp              Summ           ##......     11%         2
c - Blink                 Tloc           N/A          17%         2

Your spell library contained the following spells:

 Spells                   Type           Power        Failure   Level
 Slow                     Hex            #.......     26%         2
 Conjure Flame            Conj/Fire      #.......     34%         3
 Mephitic Cloud           Conj/Pois/Air  #.......     36%         3


Dungeon Overview and Level Annotations

Branches:
Dungeon (4/15)
 Temple: D:4-7

Altars:
Dithmenos
Gozag
Qazlal
Trog
Xom
Yredelemnul


Innate Abilities, Weirdness & Mutations

You cannot wear boots.
Your serpentine skin is tough. (AC +2)
You have supernaturally acute eyesight. (SInv)
Armour fits poorly on your strangely shaped body.
Your system is resistant to poisons. (rPois)
You cover ground very slowly.
You can spit poison.
You can translocate small distances at will.
You are frail. (-10% HP)
You evolve.


Message History

The puff of flame hits you!
* * * LOW HITPOINT WARNING * * *
You closely miss the orc wizard.
The orc wizard is heavily wounded.
The orc wizard points at you and mumbles some strange words.
The puff of flame hits you.
* * * LOW HITPOINT WARNING * * *
You closely miss the orc wizard.
The orc wizard is severely wounded.
The orc wizard points at you and mumbles some strange words.
The puff of flame hits you!
* * * LOW HITPOINT WARNING * * *
Unknown command.
It was a potion of mutation.
You feel extremely strange.
You feel jittery.
You feel frail.
You feel nature experimenting on you.
Don't worry, failures die fast.
The orc wizard gestures at you while chanting.
The magic dart hits you.
You die...
Your body rises from the dead as a mindless zombie.

##....)..##.....#
###.).###......#
######.......#
#........#
#........#
#........#
#........#
#........#
#..@o....#
#........#
##########


You could see an orc wizard (very poisoned).

Vanquished Creatures
  Grinder (D:3)
  Terence (D:3)
  Robin (D:2)
  2 adders (D:3)
  An ooze (D:3)
  A worm (D:3)
  2 dart slugs (D:2)
  3 leopard geckos
  An orc (D:4)
  4 bats
  A giant cockroach (D:1)
  A hobgoblin (D:2)
  4 jackals
  6 kobolds
  3 frilled lizards
  6 goblins
  9 rats
47 creatures vanquished.

Vanquished Creatures (collateral kills)
  A worm (D:3)
  A leopard gecko (D:3)
  2 orcs (D:3)
  A bat (D:2)
  5 goblins (D:2)
  4 hobgoblins
  3 jackals (D:3)
  A kobold (D:2)
  A ball python (D:3)
  A frilled lizard (D:2)
  A rat (D:3)
21 creatures vanquished.

Grand Total: 68 creatures vanquished

Notes
Turn   | Place    | Note
-------+----------+-------------------------------------------
     0 | D:1      | Forecaster the Naga Hedge Wizard began the quest for the
                  | Orb.
     0 | D:1      | Reached XP level 1. HP: 15/15 MP: 4/4
   375 | D:1      | Reached XP level 2. HP: 22/22 MP: 1/6
   378 | D:1      | Learned a level 2 spell: Call Imp
   381 | D:1      | Learned a level 2 spell: Blink
  1312 | D:2      | Found an opulent altar of Gozag.
  1537 | D:2      | Reached XP level 3. HP: 28/28 MP: 0/8
  1979 | D:2      | Noticed Robin
  2003 | D:2      | Killed Robin
  2023 | D:2      | Found a stormy altar of Qazlal.
  2075 | D:2      | Found a shadowy altar of Dithmenos.
  2131 | D:2      | Found a basalt altar of Yredelemnul.
  2135 | D:2      | Became a worshipper of Yredelemnul the Dark
  2144 | D:2      | Found a shimmering altar of Xom.
  2338 | D:3      | Reached XP level 4. HP: 27/37 MP: 10/10
  2431 | D:3      | Noticed Terence
  2442 | D:3      | Killed Terence
  2469 | D:3      | Noticed a moth of wrath
  2472 | D:3      | Found a bloodstained altar of Trog.
  2552 | D:3      | Noticed Grinder
  2555 | D:3      | Paralysed by Grinder for 6 turns
  2600 | D:3      | Killed Grinder
  2601 | D:3      | Reached skill level 1 in Fighting
  2601 | D:3      | Reached skill level 1 in Short Blades
  2601 | D:3      | Reached XP level 5. HP: 30/44 MP: 5/11
  2601 | D:3      | Reached XP level 6. HP: 35/51 MP: 5/12
  2824 | D:3      | Reached * piety under Yredelemnul
  3099 | D:3      | HP: 1/51 [orc wizard/puff of flame (9)]
  3100 | D:3      | Gained mutation: You can translocate small distances at
                  | will. [potion of mutation]
  3100 | D:3      | Gained mutation: You are frail. (-10% HP) [potion of
                  | mutation]
  3100 | D:3      | Gained mutation: You evolve. [potion of mutation]
  3100 | D:3      | Killed from afar by an orc wizard

Illustrated notes

Levels and vault maps discovered:
D:1:      psy_arrival_terrarium, layout_basic
D:2:      layout_basic, nicolae_overflow_hidden_temple,
          amethyst_overflow_temple_binary, grunt_qazlal_sundering,
          minmay_misc_feat_alley, nicolae_gozag_seed_capital, uniq_robin
D:3:      layout_rooms, tgw_trog, solitary_fountain, grunt_ministairs_3,
          minivault_27, uniq_grinder, uniq_terence
D:4:      cheibrodos_old_hovel, layout_gridville, lemuel_blue_sif_altar,
          nicolae_overflow_crystal_walls

Skill      XL: |  1  2  3  4 |
---------------+-------------+-----
Spellcasting   | 4 |  4.5
Fighting       | 1 |  1.3
Short Blades   | 1 |  1.2
Dodging        | 2 |  2.1
Stealth        | 4 |  4.0
Summonings     | 2 |  2.2
Conjurations   | |  1.8
Translocations | |  1.0

Action                   |  1- 3 |  4- 6 || total
-------------------------+-------+-------++-------
Melee: Dagger            |    34 |    52 ||    86
 Cast: Magic Dart        |    62 |    15 ||    77
       Call Imp          |     8 |    11 ||    19
  Use: Scroll            |       |     3 ||     3
       Potion            |       |     1 ||     1
 Stab: Sleeping          |     1 |     1 ||     2
Armor: Robe              |     7 |     4 ||    11
Dodge: Dodged            |    35 |    29 ||    64

Table legend: (Time is in decaauts)
 A = Elapsed time spent in this place.
 B = Non-inter-level travel time spent in this place.
 C = Inter-level travel time spent in this place.
 D = Time resting spent in this place.
 E = Time spent auto-exploring this place.
 F = Levels seen in this place.
 G = Mean time per level.
                   A        B        C        D        E       F      G
               +--------+--------+--------+--------+--------+-----+--------+
         Total |   3779 |   3728 |     51 |     51 |   2880 |   4 |  944.8 |
       Dungeon |   3779 |   3728 |     51 |     51 |   2880 |   4 |  944.8 |
               +--------+--------+--------+--------+--------+-----+--------+

Top non-repeatable levels by time:
     D:2: 1697 daAuts
     D:1: 1097 daAuts
     D:3: 975 daAuts
     D:4: 9 daAuts
